 Dungeon Crawl Stone Soup version 0.22.1-1-ga44c0e5 (webtiles) character file.

427 Lauz the Carver (level 6, 0/56 HPs)
             Began as a Minotaur Berserker on Oct 30, 2018.
             Was a Priest of Trog.
             Slain by a jackal (3 damage)
             ... on level 3 of the Dungeon.
             The game lasted 00:05:28 (3047 turns).

Lauz the Carver (Minotaur Berserker)                Turns: 3047, Time: 00:05:29

Health: 0/56       AC:  2    Str: 23    XL:     6   Next: 65%
Magic:  5/5        EV: 12    Int:  4    God:    Trog [***...]
Gold:   113        SH:  0    Dex: 10    Spells: 5/5 levels left

rFire    . . .     SeeInvis .   a - +0 falchion
rCold    . . .     Gourm    .   (no shield)
rNeg     . . .     Faith    .   b - +0 animal skin
rPois    .         Spirit   .   (helmet restricted)
rElec    .         Reflect  .   (no cloak)
rCorr    .         Harm     .   (no gloves)
MR       .....                  (no boots)
Stlth    +.........             (no amulet)
HPRegen  0.18/turn              (no ring)
MPRegen  0.09/turn              (no ring)

@: berserk cooldown, slowed, very slow
A: retaliatory headbutt, horns 2
a: Berserk, Trog's Hand, Renounce Religion


You were on level 3 of the Dungeon.
You worshipped Trog.
Trog was most pleased with you.
You were very hungry.

You visited 1 branch of the dungeon, and saw 3 of its levels.

You collected 113 gold pieces.

Inventory:

Hand Weapons
 a - a +0 falchion (weapon)
 p - a +0 blowgun
Missiles
 s - 7 curare-tipped needles
Armour
 b - a +0 animal skin (worn)
Jewellery
 o - an uncursed amulet of rage {unknown}
Wands
 t - a wand of flame (20)
Scrolls
 d - 3 scrolls of enchant armour {unknown}
 f - a scroll of fear {unknown}
 g - 3 scrolls of teleportation {unknown}
 h - 2 scrolls of noise {unknown}
 j - 4 scrolls of identify {unknown}
 k - 2 scrolls of random uselessness {unknown}
 l - a scroll of amnesia {unknown}
 m - a scroll of blinking {unknown}
 u - a scroll of remove curse {unknown}
Potions
 e - a potion of cancellation {unknown}
 i - a potion of agility {unknown}
 n - a potion of lignification {unknown}
 r - a potion of resistance {unknown}
 v - a potion of flight {unknown}
Comestibles
 c - 9 rations


   Skills:
 + Level 5.3 Fighting
 * Level 8.0 Long Blades
 - Level 2.4 Armour
 - Level 2.1 Dodging
 - Level 1.0 Stealth


You had 5 spell levels left.
You didn't know any spells.
Your spell library was empty.

Dungeon Overview and Level Annotations

Branches:
Dungeon (3/15)

Altars:
Trog


Innate Abilities, Weirdness & Mutations

You reflexively headbutt those who attack you in melee.
You have a pair of horns on your head.


Message History

A jackal comes into view.
The jackal bites you but does no damage.
The orc hits you with a morningstar of protection.
* * * LOW HITPOINT WARNING * * *
The jackal closely misses you.
The jackal barks!
The jackal bites you but does no damage.
The orc closely misses you. You furiously retaliate!
You headbutt the orc.
You kill the orc!
Trog accepts your kill.
The jackal bites you but does no damage.
The jackal barely misses you. You furiously retaliate!
You headbutt the jackal!
You kill the jackal!
Trog accepts your kill. The jackal bites you.
* * * LOW HITPOINT WARNING * * *
The jackal bites you.
* * * LOW HITPOINT WARNING * * *
The jackal bites you.
You die...

(.. ............ #)#
#######.#.## #.#
#.#... #+######)###
#.#..# #.......)..#
###### #.#..#
#..........# #....#
#.#..# #.....)..).#
#....# #.#..#
#......))..####....#
#.#..#
#.######..†ohh@....+
#.#..# ########....#
#....# ............#
#....# ########....#
#....# #....# #.####
########....# #.#.#
# #.........###
#.#.# # #.........#
#.#.# # #.........#
#.#.# #


You could see an orc and 2 jackals.

Vanquished Creatures
  Sigmund (D:2)
  An orc priest (D:3)
  Terence (D:2)
  An orc wizard (D:3)
  4 gnolls (D:3)
  5 adders
  2 dart slugs (D:1)
  4 worms
  4 leopard geckos
  9 orcs (D:3)
  2 ball pythons
  3 giant cockroaches
  6 goblins
  13 hobgoblins
  3 jackals
  2 quokkas (D:3)
  10 bats
  4 frilled lizards
  9 kobolds
  12 rats
96 creatures vanquished.

Notes
Turn   | Place    | Note
-------+----------+-------------------------------------------
     0 | D:1      | Lauz the Minotaur Berserker began the quest for the Orb.
     0 | D:1      | Reached XP level 1. HP: 19/19 MP: 0/0
    34 | D:1      | Reached skill level 4 in Long Blades
    38 | D:1      | Reached XP level 2. HP: 14/27 MP: 1/1
   456 | D:1      | Reached XP level 3. HP: 32/33 MP: 2/2
   561 | D:1      | Reached ** piety under Trog
   668 | D:2      | Reached skill level 5 in Long Blades
  1092 | D:2      | Reached XP level 4. HP: 39/41 MP: 3/3
  1242 | D:2      | Noticed Terence
  1247 | D:2      | Killed Terence
  1393 | D:2      | Noticed Sigmund
  1410 | D:2      | Killed Sigmund
  1410 | D:2      | Reached skill level 7 in Long Blades
  1410 | D:2      | Reached skill level 1 in Stealth
  1410 | D:2      | Reached XP level 5. HP: 41/47 MP: 4/4
  1420 | D:2      | Reached skill level 5 in Fighting
  1420 | D:2      | Reached XP level 6. HP: 28/56 MP: 5/5
  1905 | D:2      | Found a bloodstained altar of Trog.
  2051 | D:3      | Reached *** piety under Trog
  3022 | D:3      | Reached skill level 8 in Long Blades
  3046 | D:3      | HP: 2/56 [jackal (1)]
  3047 | D:3      | Slain by a jackal

Skill      XL: |  1  2  3  4  5  6 |
---------------+-------------------+-----
Long Blades    | 4 5 7 8 |  8.0
Fighting       | 4 5 |  5.3
Stealth        | 1 |  1.0
Armour         | |  2.4
Dodging        | |  2.1

Action                   |  1- 3 |  4- 6 || total
-------------------------+-------+-------++-------
Melee: Falchion          |    64 |   114 ||   178
       Headbutt          |     5 |    24 ||    29
Invok: Berserk           |     1 |     3 ||     4
  Use: Potion            |       |     2 ||     2
 Stab: Sleeping          |     1 |     2 ||     3
  Eat: Chunk             |     1 |     8 ||     9
Armor: Animal skin       |    17 |    12 ||    29
Dodge: Dodged            |    60 |    92 ||   152
       Rpst.: Falchion   |    13 |    15 ||    28
